 Dungeon Crawl Stone Soup version 0.27-a0-836-gfc908b8576 (webtiles) character file.

Game seed: 13405610402901315625

37 pokeman the Magician (level 3, -4/20 HPs)
             Began as a Deep Elf Hedge Wizard on Apr 1, 2021.
             Slain by a phantom (6 damage)
             ... on level 3 of the Dungeon.
             The game lasted 00:03:31 (2254 turns).

pokeman the Magician (Deep Elf Hedge Wizard)        Turns: 2254, Time: 00:03:31

Health: -4/20      AC:  3    Str:  7    XL:     3   Next: 23%
Magic:  1/11       EV: 11    Int: 19    God:
Gold:   69         SH:  0    Dex: 14    Spells: 0/12 levels left

rFire    . . .     SeeInvis .   n - +2 hand axe (elec)
rCold    . . .     Faith    .   (no shield)
rNeg     . . .     Spirit   .   g - +0 leather armour
rPois    .         Reflect  .   c - +0 hat
rElec    .         Harm     .   (no cloak)
rCorr    .         Rampage  .   (no gloves)
Will     .....                  (no boots)
Stlth    ++........             (no amulet)
HPRegen  0.06/turn              (no ring)
MPRegen  0.12/turn              (no ring)

@: very slightly contaminated
A: no striking features
a: no special abilities


You were on level 3 of the Dungeon.
You visited 1 branch of the dungeon, and saw 3 of its levels.

You collected 69 gold pieces.

Inventory:

Hand Weapons
 n - a +2 hand axe of electrocution (weapon)
Missiles
 l - 16 bolts
 o - 17 arrows
Armour
 a - a +0 kite shield
 c - a +0 hat (worn)
 g - a +0 leather armour (worn)
Jewellery
 h - an amulet of faith
 m - a ring of ice
Scrolls
 f - 2 scrolls of identify {unknown}
 j - a scroll of enchant weapon {unknown}
 k - a scroll of noise {unknown}
Potions
 b - a potion of lignification {unknown}
 d - 2 potions of curing {unknown}
 e - a potion of flight {unknown}
 i - a potion of resistance {unknown}


   Skills:
 + Level 0.8 Fighting
 + Level 0.8 Armour
 - Level 2.4 Dodging
 - Level 2.4 Stealth
 * Level 5.2 Spellcasting
 + Level 1.8 Conjurations
 - Level 1.1 Summonings
 - Level 1.1 Translocations


You couldn't memorise any spells.
You knew the following spells:

 Your Spells              Type           Power      Damage    Failure   Level
a - Magic Dart            Conj           44%        1d5       9%          1
b - Mephitic Cloud        Conj/Pois/Air  7%         N/A       38%         3
c - Call Imp              Summ           9%         N/A       17%         2
d - Blink                 Tloc           N/A        N/A       17%         2
e - Conjure Flame         Conj/Fire      8%         6-21      36%         3
f - Apportation           Tloc           18%        N/A       12%         1

Your spell library contained the following spells:

 Spells                   Type           Power      Damage    Failure   Level
 Summon Small Mammal      Summ           36%        N/A       12%         1
 Animate Skeleton         Necr           8%         N/A       19%         1
 Beastly Appendage        Tmut           8%         N/A       19%         1
 Corona                   Hex            4%         N/A       19%         1
 Slow                     Hex            4%         N/A       26%         2
 Wereblood                Tmut           4%         N/A       26%         2
 Spider Form              Tmut/Pois      2%         N/A       47%         3
 Ice Form                 Ice/Tmut       4%         N/A       87%         4
 Hydra Form               Tmut           2%         N/A       99%         5


Dungeon Overview and Level Annotations

Branches:
Dungeon (3/15)

Altars:
Cheibriados

Shops:
D:2 *


Message History

* * * LOW HITPOINT WARNING * * *
Unknown command.
Casting: Call Imp (safe; 17% risk of failure)
Confirm with . or Enter, or press ? or * to list all spells.
You blink.
Casting: Blink (safe; 17% risk of failure)
Confirm with . or Enter, or press ? or * to list all spells.
You blink.
Your white imp hits the phantom.
Your white imp freezes the phantom.
The phantom resists.
Casting: Blink (safe; 17% risk of failure)
Confirm with . or Enter, or press ? or * to list all spells.
You miscast Blink.
Nothing appears to happen.
Your white imp gestures at the phantom.
The puff of frost hits the phantom.
The phantom resists.
Casting: Blink (safe; 17% risk of failure)
Confirm with . or Enter, or press ? or * to list all spells.
A beastly little devil appears in a puff of flame.
Your white imp hits the phantom.
Your white imp freezes the phantom.
The phantom completely resists.
The phantom closely misses your white imp.
Unknown command.
Your white imp gestures at the phantom.
The puff of frost hits the phantom.
The phantom completely resists.
The phantom hits your white imp.
Your white imp barely misses the phantom.
The phantom closely misses your white imp.
Your crimson imp hits the phantom but does no damage.
Your white imp hits the phantom.
Your white imp freezes the phantom.
The phantom resists.
The phantom hits your white imp!
Your white imp dies!
Your crimson imp barely misses the phantom.
You barely miss the phantom.
The phantom is severely damaged.
Your crimson imp barely misses the phantom.
The phantom completely misses you.
Your crimson imp closely misses the phantom.
You hit the phantom.
The phantom is severely damaged.
The phantom hits you.
You die...

# # # # #
#########
#........
##########........
#@......##........
#.W...............
#.5....$..........
#...>.............
#.................
####+#....!.......
#####........
...###### ..#


You could see a phantom (ally target) and a friendly crimson imp (summoned).

Vanquished Creatures
  An adder (D:3)
  A dart slug (D:2)
  A bat (D:1)
  2 endoplasms (D:1)
  3 giant cockroaches (D:1)
  2 goblins
  4 hobgoblins
  3 jackals (D:1)
  A quokka (D:1)
  A ball python (D:2)
  2 frilled lizards
  A kobold (D:1)
  A rat (D:2)
23 creatures vanquished.

Notes
Turn   | Place    | Note
-------+----------+-------------------------------------------
     0 | D:1      | pokeman the Deep Elf Hedge Wizard began the quest for the
                  | Orb.
     0 | D:1      | Reached XP level 1. HP: 10/10 MP: 7/7
   301 | D:1      | Found a snail-covered altar of Cheibriados.
   313 | D:1      | Reached XP level 2. HP: 8/16 MP: 2/9
  1585 | D:2      | Reached skill level 5 in Spellcasting
  1641 | D:2      | Found Daniafaj's General Store.
  2073 | D:2      | Reached XP level 3. HP: 20/20 MP: 9/11
  2077 | D:2      | Learned a level 3 spell: Mephitic Cloud
  2080 | D:2      | Learned a level 2 spell: Call Imp
  2083 | D:2      | Learned a level 2 spell: Blink
  2087 | D:2      | Learned a level 3 spell: Conjure Flame
  2089 | D:2      | Learned a level 1 spell: Apportation
  2228 | D:3      | Noticed a phantom
  2254 | D:3      | Slain by a phantom

Illustrated notes

Levels and vault maps discovered:
D:1:      dpeg_arrival_prison, layout_loops_ring, minmay_misc_feat_encased,
          cheibriados_altar_1
D:2:      layout_loops_ring, serial_shops, shop, minmay_fountain_box
D:3:      layout_basic, cheibrodos_sewer_entry_sluice, eino_tiny_chamber,
          serial_bayou_pond_b

Skill      XL: |  1  2 |
---------------+-------+-----
Spellcasting   | 5 |  5.2
Fighting       | |  0.8
Armour         | |  0.8
Dodging        | |  2.4
Stealth        | |  2.4
Conjurations   | |  1.8
Summonings     | |  1.1
Translocations | |  1.1

Action                   || total
-------------------------++-------
Melee: Dagger            ||    11
       Hand axe          ||    10
 Cast: Magic Dart        ||    64
       Blink             ||     2
       Call Imp          ||     2
 Stab: Sleeping          ||     1
Armor: Robe              ||     3
       Leather armour    ||     1
Dodge: Dodged            ||    33

Table legend: (Time is in decaauts)
 A = Elapsed time spent in this place.
 B = Non-inter-level travel time spent in this place.
 C = Inter-level travel time spent in this place.
 D = Time resting spent in this place.
 E = Time spent auto-exploring this place.
 F = Levels seen in this place.
 G = Mean time per level.
                   A        B        C        D        E       F      G
               +--------+--------+--------+--------+--------+-----+--------+
         Total |   2255 |   2212 |     43 |    312 |   1655 |   3 |  751.7 |
       Dungeon |   2255 |   2212 |     43 |    312 |   1655 |   3 |  751.7 |
               +--------+--------+--------+--------+--------+-----+--------+

Top non-repeatable levels by time:
     D:1: 1466 daAuts
     D:2: 692 daAuts
     D:3: 97 daAuts
